 Seeded DCSS version 0.31-a0-4-gefa6de2278 (webtiles) character file.

Game seed: 548224908236487523 (custom seed)

606 Pimp the Poker (level 7, -6/59 (72) HPs)
             Began as an Ogre Gladiator on May 3, 2023.
             Mangled by an ogre
             ... wielding a +0 giant club
              (17 damage)
             ... on level 5 of the Dungeon.
             The game lasted 00:05:04 (1971 turns).

Pimp the Poker (Ogre Gladiator)                     Turns: 1971, Time: 00:05:05

HP:   -6/59 (72)    AC:  9    Str: 21    XL:     7   Next: 42%
MP:   7/7           EV: 10    Int:  9    God:
Gold: 146           SH:  0    Dex: 10    Spells: 6/6 levels left

rFire   + . .        n - +8 lance "Wyrmbane" {slay drac, rPois rF+ rC+ AC+3}
rCold   + . .        (no shield)
rNeg    . . .        b - +0 robe
rPois   +            c - +2 hat
rElec   .            h - +0 cloak
rCorr   .            (gloves unavailable)
SInv    .            (boots unavailable)
Will    .....        (no amulet)
Stlth   +            (no ring)
HPRegen 0.29/turn    (no ring)
MPRegen 0.10/turn

%: no passive effects
@: heavily drained
A: large, unfitting armour, tough skin 1
a: no special abilities


You were on level 5 of the Dungeon.
You visited 1 branch of the dungeon, and saw 5 of its levels.

You collected 206 gold pieces.
You spent 60 gold pieces at shops.

Inventory:

Hand Weapons
 a - a +0 trident
 n - the +8 lance "Wyrmbane" (weapon) {slay drac, rPois rF+ rC+ AC+3}
   (You found it on level 3 of the Dungeon)

   AC:        It affects your AC (+3).
   rF:        It protects you from fire.
   rC:        It protects you from cold.
   rPois:     It protects you from poison.
Missiles
 d - 2 throwing nets (quivered)
 m - a large rock
Armour
 b - a +0 robe (worn)
 c - a +2 hat (worn)
 h - a +0 cloak (worn)
Jewellery
 r - a ring of ice
Scrolls
 g - a scroll of blinking
 j - a scroll of magic mapping
 o - a scroll of fear
 p - 2 scrolls of noise {unknown}
 q - a scroll of fog {unknown}
 s - a scroll of vulnerability {unknown}
 t - a scroll of poison {unknown}
Potions
 i - a potion of mutation
 k - 2 potions of curing
 l - 2 potions of heal wounds
 u - a potion of brilliance
 v - 2 potions of degeneration


   Skills:
 + Level 5.2 Fighting
 * Level 5.7 Polearms
 + Level 3.9 Throwing
 + Level 4.1 Dodging


You had 6 spell levels left.
You didn't know any spells.
Your spell library contained the following spells:

 Spells                   Type           Power      Damage    Failure   Level
 Blink                    Tloc           0%         N/A       52%         2
 Lesser Beckoning         Tloc           0%         N/A       52%         2
 Momentum Strike          Conj/Tloc      0%         3d8       52%         2


Dungeon Overview and Level Annotations

Branches:
Dungeon (5/15)
 Temple: D:4-7

Altars:
Xom

Shops:
D:4 *


Innate Abilities, Weirdness & Mutations

You are too large for most types of armour.
You have tough skin. (AC +1)


Message History

You hit the ice beast.
The ice beast is heavily wounded.
You hit the ice beast but do no damage.
The ice beast is heavily wounded.
The ice beast barely misses you.
You hit the ice beast.
The ice beast is heavily wounded.
The ice beast barely misses you.
You puncture the ice beast!
You kill the ice beast!
Things that are here:
a scorpion corpse; a hound corpse
Found a ring mail.
A centaur comes into view.
The centaur shouts!
The centaur wields a +0 shortbow of draining.
You sense an unholy aura.
The centaur shoots an arrow.
The arrow barely misses you.
An ogre comes into view. It is wielding a +0 giant club.
The centaur shoots an arrow.
The arrow hits you.
You feel drained.
The centaur shoots an arrow.
The arrow hits you!
You feel drained.
The centaur shoots an arrow.
The arrow completely misses you.
The centaur shoots an arrow.
The arrow hits you.
You feel drained.
The centaur shoots an arrow.
The arrow barely misses you.
You hear a shout!
The centaur shoots an arrow.
The arrow hits you!
You feel drained.
The centaur shoots an arrow.
The arrow hits you.
You feel drained.
The ogre shouts!
You see here a +0 leather armour.
Found a red potion.
The centaur shoots an arrow.
The arrow hits you!
You feel drained.
The centaur shoots an arrow.
The arrow hits you!
* * * LOW HITPOINT WARNING * * *
You feel drained.
There is a stone staircase leading up, spattered with blood here.
The centaur shoots an arrow.
The arrow hits you.
* * * LOW HITPOINT WARNING * * *
You feel drained.
* * * LOW HITPOINT WARNING * * *
The ogre hits you with a +0 giant club!
You die...

# ###........## ####.
#.#..........
.....#####†#........##
..[.....c.............
.....#..##.#<#.####..#.
.###.....#.###.........
#...#.#.c...(#...###
.....#.#.....#[###..#
...#.#......O@........
...#...#####...########
.. #... ...##.! #...
##.. .... ..?.. #..
...#.. .... #.. #### .
.... #.. #..


You could see an ogre and a centaur.

Vanquished Creatures
  A black bear (D:4)
  An ice beast (D:5)
  An ogre (D:4)
  A scorpion (D:5)
  A jelly (D:4)
  A hound (D:5)
  An orc priest (D:3)
  2 iguanas (D:4)
  4 gnolls (D:3)
  3 adders
  3 worms
  A dart slug (D:4)
  11 orcs
  4 ball pythons
  2 bats
  9 endoplasms
  8 goblins
  9 hobgoblins
  A jackal (D:1)
  2 quokkas
  3 kobolds
  A rat (D:3)
70 creatures vanquished.

Vanquished Creatures (others)
  A plant (D:3)
1 creature vanquished.

Grand Total: 71 creatures vanquished

Notes
Turn   | Place    | Note
-------+----------+-------------------------------------------
     0 | D:1      | Pimp the Ogre Gladiator began the quest for the Orb.
     0 | D:1      | Reached XP level 1. HP: 22/22 MP: 1/1
   214 | D:1      | You fall into a shaft and drop 1 floor!
   225 | D:2      | Reached XP level 2. HP: 31/31 MP: 2/2
   256 | D:2      | Found a faded altar of an unknown god.
   387 | D:3      | Reached XP level 3. HP: 23/37 MP: 3/3
   530 | D:3      | Found the +8 lance "Wyrmbane" {slay drac, rPois rF+ rC+
                  | AC+3}
   545 | D:3      | Reached XP level 4. HP: 26/45 MP: 4/4
   545 | D:3      | Found a shimmering altar of Xom.
  1231 | D:3      | Reached XP level 5. HP: 47/54 MP: 5/5
  1351 | D:4      | Noticed a black bear
  1355 | D:4      | Killed a black bear
  1356 | D:4      | Reached XP level 6. HP: 62/62 MP: 6/6
  1625 | D:4      | Reached skill level 5 in Polearms
  1725 | D:4      | Reached XP level 7. HP: 71/71 MP: 7/7
  1858 | D:4      | Found Wiajugh's General Store.
  1861 | D:4      | Bought a potion of heal wounds for 60 gold pieces
  1912 | D:5      | Entered Level 5 of the Dungeon
  1934 | D:5      | Reached skill level 5 in Fighting
  1971 | D:5      | Mangled by an ogre

Illustrated notes

Levels and vault maps discovered:
D:1:      evilmike_arrival_rings, layout_rooms, serial_glass, glass_columns_c,
          glass_columns_a, glass_columns_a, glass_columns_a
D:2:      layout_loops_corners, shapermc_ecumenical_altar_totnotflames
D:3:      corexii_shack_village, layout_loops_ring, amcnicky_altar_gilded,
          st_stairs_13, chequers_serial_rivers_room_a
D:4:      minmay_angry_zag, layout_rooms, serial_shops, kennysheep_mini
D:5:      nicolae_cairo_tiling, layout_basic, nemelex_altar_shiori,
          temple_statues, minmay_misc_feat_tiny, uniq_pikel

Skill      XL: |  1  2  3  4  5  6  7 |
---------------+----------------------+-----
Fighting       | 3 4 5 |  5.2
Dodging        | 3 4 |  4.1
Polearms       | 4 5 |  5.7
Throwing       | 3 |  3.9

Action                     |  1- 3 |  4- 6 |  7- 9 || total
---------------------------+-------+-------+-------++-------
  Melee: Trident           |    58 |       |       ||    58
         Lance             |     8 |    95 |    22 ||   125
         Punch             |       |     1 |       ||     1
  Throw: Large rock        |     2 |       |       ||     2
         Throwing net      |     2 |       |       ||     2
    Use: Scroll            |       |       |     9 ||     9
 Armour: Robe              |    16 |    27 |     8 ||    51
  Dodge: Dodged            |    28 |    34 |    15 ||    77

Table legend: (Time is in decaauts)
 A = Elapsed time spent in this place.
 B = Non-inter-level travel time spent in this place.
 C = Inter-level travel time spent in this place.
 D = Time resting spent in this place.
 E = Time spent auto-exploring this place.
 F = Levels seen in this place.
 G = Mean time per level.
                   A        B        C        D        E       F      G
               +--------+--------+--------+--------+--------+-----+--------+
         Total |   1961 |   1869 |     92 |     11 |   1326 |   5 |  392.2 |
       Dungeon |   1961 |   1869 |     92 |     11 |   1326 |   5 |  392.2 |
               +--------+--------+--------+--------+--------+-----+--------+

Top non-repeatable levels by time:
     D:3: 999 daAuts
     D:4: 551 daAuts
     D:1: 216 daAuts
     D:2: 138 daAuts
     D:5: 55 daAuts
